 Dungeon Crawl Stone Soup version 0.29.1-15-g9cfb28693d (webtiles) character file.

Game seed: 13712021156065278059

116 protoss039 the Digger (level 4, -2/33 HPs)
             Began as a Demonspawn Earth Elementalist on Mar 15, 2023.
             Slain by Crazy Yiuf
             ... wielding a +2 quarterstaff of chaos
              (5 damage)
             ... on level 2 of the Dungeon.
             The game lasted 00:03:13 (2498 turns).

protoss039 the Digger (DsEE)                        Turns: 2498, Time: 00:03:14

Health: -2/33      AC:  4    Str:  9    XL:     4   Next: 69%
Magic:  6/8        EV: 11    Int: 18    God:
Gold:   135        SH:  4    Dex: 13    Spells: 2/8 levels left

rFire   . . .      SeeInvis .   a - +0 whip (flame)
rCold   . . .      Faith    .   (no shield)
rNeg    . . .      Spirit   .   m - +0 leather armour
rPois   .          Reflect  .   k - +0 helmet
rElec   .          Harm     .   (no cloak)
rCorr   .          Rampage  .   (no gloves)
Will    .....                   (no boots)
Stlth   ++........              (no amulet)
HPRegen 0.11/turn               (no ring)
MPRegen 0.11/turn               (no ring)

@: lethally poisoned (-2 -> -16)
A: large bone plates 1, ignite blood 1
a: no special abilities


You were on level 2 of the Dungeon.
You visited 1 branch of the dungeon, and saw 2 of its levels.

You collected 135 gold pieces.

Inventory:

Hand Weapons
 a - a +0 whip of flaming (weapon)
 d - a +0 dagger
Missiles
 i - 10 poisoned darts
Armour
 k - a +0 helmet (worn)
 m - a +0 leather armour (worn)
Scrolls
 c - a scroll of fog {unknown}
 f - a scroll of amnesia {unknown}
 h - 3 scrolls of teleportation {unknown}
 l - 3 scrolls of identify {unknown}
 n - 2 scrolls of enchant weapon {unknown}
Potions
 b - a potion of magic
 e - a potion of lignification {unknown}
 g - 4 potions of curing {unknown}
 j - a potion of heal wounds {unknown}


   Skills:
 + Level 2.0 Fighting
 * Level 1.3 Armour
 - Level 1.7 Dodging
 - Level 1.7 Stealth
 + Level 2.8 Spellcasting
 + Level 1.1 Conjurations
 - Level 0.8 Transmutations
 + Level 3.3 Earth Magic


You had 2 spell levels left.
You knew the following spells:

 Your Spells              Type           Power      Damage    Failure   Level
a - Sandblast             Erth           28%        2d8       5%          1
b - Passwall              Tmut/Erth      8%         N/A       14%         2
c - Stone Arrow           Conj/Erth      20%        3d8       26%         3

Your spell library contained the following spells:

 Spells                   Type           Power      Damage    Failure   Level
 Petrify                  Tmut/Erth      10%        N/A       67%         4
 Animate Dead             Necr           2%         N/A       92%         4
 Borgnjor's Vile Clutch   Necr/Erth      4%         N/A       97%         5
 Death Channel            Necr           1%         N/A       100%        6


Dungeon Overview and Level Annotations

Branches:
Dungeon (2/15) Zot: 9452

Altars:

Annotations:
D:2 Crazy Yiuf


Innate Abilities, Weirdness & Mutations

You are partially covered in large bone plates. (SH +4)
Your demonic aura sometimes causes spilled blood to erupt in flames.


Message History

No target in view!
Found two hammers.
You see here a +0 hammer.
You see here a +0 hammer.
You see here a +0 hammer.
Found seven hammers.
Found a runed translucent door.
You see here a +0 hammer.
No target in view!
Found a hammer.
You see here a +0 hammer.
No reachable target in view!
Crazy Yiuf shouts!
You see here a +0 hammer.
Found three hammers.
You see here a +0 hammer.
You open the door.
You see here a +0 hammer.
Casting: Sandblast (safe; 5% risk of failure)
Confirm with . or Enter, or press ? or * to list all spells.
Aiming: Sandblast (safe; 5% risk of failure)
Press: ? - help, Shift-Dir - straight line, f - Crazy Yiuf
Aim: Crazy Yiuf, wielding a +2 quarterstaff of chaos and wearing a +0 cloak (84% to hit)
The blast of sand hits Crazy Yiuf.
Crazy Yiuf is moderately wounded.
Crazy Yiuf closely misses you.
Crazy Yiuf hits you with a +2 quarterstaff of chaos!
You are lethally poisoned!
Unknown command.
Casting: Sandblast (safe; 5% risk of failure)
Confirm with . or Enter, or press ? or * to list all spells.
Aiming: Sandblast (safe; 5% risk of failure)
Press: ? - help, Shift-Dir - straight line, f/p - Crazy Yiuf
Aim: Crazy Yiuf, wielding a +2 quarterstaff of chaos and wearing a +0 cloak (moderately wounded, 84% to hit)
The blast of sand hits Crazy Yiuf.
Crazy Yiuf is heavily wounded.
You feel extremely sick.
Crazy Yiuf hits you with a +2 quarterstaff of chaos!
* * * LOW HITPOINT WARNING * * *
Crazy Yiuf freezes you.
You die...

..............##............#
..[....#....####..#####.....#
.......###### #..).# #.....#
.......# #.).)# #.....#
######## #)).## #.....# ##)##
####### #)## ##)# #@## ##g#
#'# ))) #)))# #).)# #####


You could see Crazy Yiuf.

Vanquished Creatures
  Robin (D:1)
  3 adders (D:2)
  A worm (D:2)
  2 dart slugs (D:1)
  An orc (D:2)
  6 ball pythons
  4 endoplasms
  3 giant cockroaches
  12 goblins
  13 hobgoblins
  3 kobolds
  A quokka (D:2)
  5 bats
  6 frilled lizards
  4 rats
65 creatures vanquished.

Notes
Turn   | Place    | Note
-------+----------+-------------------------------------------
     0 | D:1      | protoss039 the Demonspawn Earth Elementalist began the
                  | quest for the Orb.
     0 | D:1      | Reached XP level 1. HP: 13/13 MP: 3/3
   117 | D:1      | Gained mutation: Your demonic aura sometimes causes spilled
                  | blood to erupt in flames. [demonic ancestry]
   117 | D:1      | Reached XP level 2. HP: 7/20 MP: 0/5
   377 | D:1      | Reached skill level 1 in Fighting
   385 | D:1      | Reached skill level 3 in Earth Magic
   780 | D:1      | Gained mutation: You are partially covered in large bone
                  | plates. (SH +4) [demonic ancestry]
   780 | D:1      | Reached XP level 3. HP: 24/26 MP: 0/6
  1141 | D:1      | Learned a level 2 spell: Passwall
  1145 | D:1      | Learned a level 3 spell: Stone Arrow
  1350 | D:2      | Found a faded altar of an unknown god.
  1437 | D:2      | Reached XP level 4. HP: 33/33 MP: 5/8
  1515 | D:2      | Noticed Robin
  1533 | D:2      | Reached skill level 1 in Armour
  1778 | D:1      | Killed Robin
  1922 | D:2      | Reached skill level 1 in Conjurations
  2491 | D:2      | Found a runed translucent door.
  2492 | D:2      | Noticed Crazy Yiuf
  2498 | D:2      | Slain by Crazy Yiuf

Illustrated notes

Levels and vault maps discovered:
D:1:      dpeg_arrival_connections, layout_basic, minmay_misc_feat_chi
D:2:      layout_rooms, chequers_ecumenical_altar_twisty,
          kennysheep_generic_room_11, uniq_crazy_yiuf_cottage, uniq_robin

Skill      XL: |  1  2  3  4 |
---------------+-------------+-----
Fighting       | 1 2 |  2.0
Earth Magic    | 3 |  3.3
Armour         | 1 |  1.3
Conjurations   | 1 |  1.1
Dodging        | |  1.7
Stealth        | |  1.7
Spellcasting   | |  2.8
Transmutations | |  0.8

Action                   |  1- 3 |  4- 6 || total
-------------------------+-------+-------++-------
Melee: Dagger            |    29 |     7 ||    36
       Unarmed           |     3 |       ||     3
       Whip              |       |     8 ||     8
       Punch             |       |     1 ||     1
 Cast: Sandblast         |    47 |    45 ||    92
 Stab: Sleeping          |       |     1 ||     1
Armor: Robe              |    19 |       ||    19
       Leather armour    |     3 |    44 ||    47
Dodge: Dodged            |    44 |    57 ||   101
Block: Other             |     7 |    20 ||    27
